 Dungeon Sprint DCSS version 0.25-a0-59-gf342c8b036 (webtiles) character file.

Game seed: 3060954505208863434, levelgen mode: deterministic

9757 ponchio the Spry (level 11, -12/79 HPs)
             Began as a Deep Elf Fire Elementalist on Oct 28, 2019.
             Was the Champion of Vehumet.
             Killed from afar by a storm dragon (33 damage)
             ... with a bolt of lightning
             ... in the Dungeon (Sprint V: "Ziggurat Sprint").
             The game lasted 00:19:49 (1530 turns).

ponchio the Spry (Deep Elf Fire Elementalist)       Turns: 1530, Time: 00:19:52

Health: -12/79     AC:  7    Str:  5    XL:     11   Next: 27%
Magic:  20/35      EV: 28    Int: 42    God:    Vehumet [******]
Gold:   0          SH:  0    Dex: 19    Spells: 22/35 levels left

rFire    . . .     SeeInvis .   E - +6 Majin-Bo {vamp, Archmagi MP+6 Int+6}
rCold    . . .     Gourm    .   (shield currently unavailable)
rNeg     + . .     Faith    .   K - +2 robe {MR+}
rPois    .         Spirit   .   (no helmet)
rElec    .         Reflect  .   (no cloak)
rCorr    .         Harm     .   (no gloves)
MR       ++...     NoTele   +   Q - +2 pair of boots "Pirrerura" {rN+ Dex+4}
Stlth    ++........             (no amulet)
HPRegen  0.23/turn              x - +6 ring of intelligence
MPRegen  0.24/turn              y - +6 ring of intelligence

@: hasted, studying 2 skills, very quick
A: no striking features
a: Renounce Religion


You were in the Dungeon.
You worshipped Vehumet.
Vehumet was exalted by your worship.
You were near starving.

You visited 1 branch

Inventory:

Hand Weapons
 E - the +6 Majin-Bo (weapon) {vamp, Archmagi MP+6 Int+6}
   (You found it in the Dungeon)

   It inflicts no extra harm, but heals its wielder when it wounds a living foe.
   It affects your intelligence (+6).
   It affects your magic capacity (+6).
 G - the +7 great mace "Firestarter" {inner flame, rF++}
   (You found it in the Dungeon)

   It has been specially enchanted to burn those struck by it, causing extra
   injury to most foes and up to half again as much damage against particularly
   susceptible opponents.
   It greatly protects you from fire.
Armour
 a - a +0 robe
 F - the +15 Maxwell's patent armour {-Cast -Tele rElec MR+ rCorr}
   (You found it in the Dungeon)

   It insulates you from electricity.
   It affects your resistance to hostile enchantments.
   It prevents spellcasting.
   It prevents most forms of teleportation.
   It provides partial protection from all sources of acid and corrosion.
 K - a +2 robe of magic resistance (worn)
 Q - the +2 pair of boots "Pirrerura" (worn) {rN+ Dex+4}
   (You found it in the Dungeon)

   It affects your dexterity (+4).
   It protects you from negative energy.
 T - the +0 cloak of the Land of Plenty {rPois rN+++ MR- Int+3}
   (You found it in the Dungeon)

   It affects your intelligence (+3).
   It protects you from poison.
   It renders you almost immune to negative energy.
   It affects your resistance to hostile enchantments.
 U - the +3 ring mail of Kethrosak {*Corrode rC++ rN+ MR+}
   (You found it in the Dungeon)

   It greatly protects you from cold.
   It protects you from negative energy.
   It affects your resistance to hostile enchantments.
   It may corrode you when you take damage.
Magical Staves
 H - an uncursed staff of earth
 I - a cursed staff of death
 L - an uncursed staff of death
 P - an uncursed staff of conjuration
 R - an uncursed staff of air
 S - an uncursed staff of cold
Jewellery
 u - an uncursed ring of flight
 v - a +6 ring of dexterity
 w - a +6 ring of dexterity
 x - a +6 ring of intelligence (left hand)
 y - a +6 ring of intelligence (right hand)
 z - a +6 ring of strength
 A - a +6 ring of strength
 N - an uncursed amulet of faith
Wands
 B - a wand of disintegration (4)
 C - a wand of iceblast (3)
 D - a wand of acid (3)
Scrolls
 i - 3 scrolls of blinking
 o - 4 scrolls of amnesia
 p - 8 scrolls of fog
 q - a scroll of holy word
 r - 5 scrolls of identify
 s - 5 scrolls of remove curse
 t - 2 scrolls of fear
 J - a scroll of brand weapon
Potions
 b - 2 potions of brilliance
 d - 10 potions of curing
 e - 8 potions of heal wounds
 f - 3 potions of haste
 g - 8 potions of magic
 h - 4 potions of berserk rage
 j - 2 potions of invisibility
 k - 4 potions of resistance
 m - 5 potions of agility
 n - 5 potions of might
Books
 O - a manual of Stealth
 V - a manual of Charms
Miscellaneous
 l - 2 phantom mirrors
 M - a lamp of fire
Comestibles
 c - 7 rations


   Skills:
 + Level 13.8 Fighting
 - Level 18.4 Dodging
 - Level 2.4 Stealth
 + Level 12.7 Spellcasting
 + Level 10.7 Conjurations
 - Level 3.2 Fire Magic
 - Level 8.0 Evocations


You had 22 spell levels left.
You knew the following spells:

 Your Spells              Type           Power        Failure   Level  Hunger
a - Flame Tongue          Conj/Fire      #####        1%          1    None
b - Fireball              Conj/Fire      #######...   1%          5    None
c - Orb of Destruction    Conj           ########..   3%          7    ####...

Your spell library contained the following spells:

 Spells                   Type           Power        Failure   Level  Hunger
 Bolt of Draining         Conj/Necr      #######...   1%          5    None
 Searing Ray              Conj           ######       0%          2    None
 Beastly Appendage        Tmut           #####.       1%          1    None
 Corpse Rot               Necr           N/A          1%          2    None
 Passwall                 Tmut/Erth      #####...     1%          2    None
 Swiftness                Chrm/Air       #####...     1%          2    None
 Throw Flame              Conj/Fire      ######       1%          2    None
 Conjure Flame            Conj/Fire      #######.     1%          3    None
 Inner Flame              Hex/Fire       ######..     1%          3    None
 Mephitic Cloud           Conj/Pois/Air  ######..     1%          3    None
 Stone Arrow              Conj/Erth      ######       1%          3    None
 Sticky Flame             Conj/Fire      #######.     1%          4    None
 Bolt of Magma            Conj/Fire/Erth #######...   1%          5    None
 Irradiate                Conj/Tmut      #######...   1%          5    None
 Iskenderun's Battlesphe  Conj/Chrm      #######.     1%          5    None
 Venom Bolt               Conj/Pois      #######...   1%          5    None
 Bolt of Fire             Conj/Fire      #######...   2%          6    #......
 Iron Shot                Conj/Erth      #######...   5%          6    #......
 Lee's Rapid Deconstruct  Erth           #####.....   9%          5    None
 Yara's Violent Unravell  Hex/Tmut       #####.....   9%          5    None
 Cause Fear               Hex            #####.....   12%         4    None
 Leda's Liquefaction      Hex/Erth       #####.....   12%         4    None
 Passage of Golubria      Tloc           N/A          12%         4    None
 Spellforged Servitor     Conj/Summ      #######...   28%         7    ####...
 Blade Hands              Tmut           #####.....   32%         5    None
 Summon Forest            Summ/Tloc      #####.....   32%         5    None
 Darkness                 Hex            #####.....   87%         6    #......
 Hydra Form               Tmut           #####.....   87%         6    #......
 Invisibility             Hex            #####...     87%         6    #......
 Dragon Form              Tmut           #####.....   100%        7    ####...
 Summon Hydra             Summ           #####.....   100%        7    ####...
 Dragon's Call            Summ           #####.....   100%        9    #######


Dungeon Overview and Level Annotations

Branches:
Dungeon (1/1)

Altars:
Ashenzari
Cheibriados
Dithmenos
Elyvilon
Fedhas
Gozag
Hepliaklqana
Kikubaaqudgha
Makhleb
Nemelex Xobeh
Okawaru
Qazlal
Ru
Sif Muna
Trog
Uskayaw
Vehumet
Wu Jian
Xom
Yredelemnul
Zin
The Shining One
Beogh
Jiyva
Lugonu


Message History

You feel your power returning.
The fireball engulfs the storm dragon!
The storm dragon is severely wounded.
Casting: Fireball (safe; 1% risk of failure)
Confirm with . or Enter, or press ? or * to list all spells.
Aiming: Fireball (safe; 1% risk of failure)
Press: ? - help, Shift-Dir - straight line, f/p - titan
Aim: a titan (raging winds, severely wounded)
You feel a surge of power!
The fireball explodes!
The fireball engulfs the titan!!
The titan is almost dead.
The fireball engulfs the storm dragon!!!
The storm dragon is heavily wounded.
The fireball engulfs the storm dragon!!
The storm dragon is almost dead.
* * * LOW HITPOINT WARNING * * *
The storm dragon breathes lightning at you.
The bolt of lightning misses you.
The storm dragon breathes lightning at you.
The bolt of lightning hits you!!
You die...

▓..[)}))..▓
▓..§|§:...▓.(.(}[)..▓
▓....k§i..▓...()....▓
▓...§D§§..▓.........▓
▓...§.CD..▓....))...▓
▓..§.§....▓.........▓
▓.§.......▓.▓.....▓.▓
▓.▓.....▓.▓....©....▓
▓....@....▓▓▓▓▓▓▓▓▓▓▓
▓▓▓▓▓▓▓▓▓▓▓


You could see a titan, 2 storm dragons, a wind drake and a spriggan air mage.

Vanquished Creatures
  A spriggan air mage (D)
  2 two-headed ogres (D)
  A dancing weapon (D)
  A thrashing horror (D)
  A deep elf knight (D)
  3 deep elf magi (D)
  4 cyclopes (D)
  A jumping spider (D)
  3 merfolk (D)
  2 trolls (D)
  2 hippogriffs (D)
  2 air elementals (D)
  Sigmund (D)
  Duvessa (D)
  Edmund (D)
  A water moccasin (D)
  A hell hound (D)
  2 ogres (D)
  2 centaurs (D)
  Blork the orc (D)
  An earth elemental (D)
  Dowan (D)
  3 scorpions (D)
  A crimson imp (D)
  2 quasits (D)
  Crazy Yiuf (D)
  An iron imp (D)
  Jessica (D)
  2 adders (D)
  A shadow imp (D)
  An adder skeleton (D)
  2 ball pythons (D)
  A bat skeleton (D)
  3 bat zombies (D)
  2 giant cockroach zombies (D)
  A quokka zombie (D)
57 creatures vanquished.

Vanquished Creatures (others)
  An insubstantial wisp (D)
1 creature vanquished.

Grand Total: 58 creatures vanquished

Notes
Turn   | Place    | Note
-------+----------+-------------------------------------------
     0 | D        | ponchio the Deep Elf Fire Elementalist began the quest for
                  | the Orb.
     0 | D        | Reached XP level 1. HP: 10/10 MP: 6/6
     0 | D        | Found a shimmering blue altar of Sif Muna.
     0 | D        | Found a bloodstained altar of Trog.
     0 | D        | Found a sacrificial altar of Ru.
     0 | D        | Found a stormy altar of Qazlal.
     0 | D        | Found an iron altar of Okawaru.
     1 | D        | Found a sparkling altar of Nemelex Xobeh.
     1 | D        | Found a blossoming altar of Fedhas.
     2 | D        | Found the +6 Majin-Bo {vamp, Archmagi MP+6 Int+6}
     2 | D        | Found the +7 great mace "Firestarter" {inner flame, rF++}
     3 | D        | Found a transporter.
     3 | D        | Found an ancient bone altar of Kikubaaqudgha.
     3 | D        | Found a viscous altar of Jiyva.
     3 | D        | Found a corrupted altar of Lugonu.
     3 | D        | Found a hazy altar of Hepliaklqana.
     3 | D        | Found a burning altar of Makhleb.
     3 | D        | Found an opulent altar of Gozag.
    19 | D        | Became a worshipper of Vehumet
    32 | D        | Found the +9 heavy crossbow "Sniper" {velocity, Acc+∞ SInv}
    32 | D        | Found the +10 dark maul {crush}
    32 | D        | Found the +15 Maxwell's patent armour {-Cast -Tele rElec
                  | MR+ rCorr}
    32 | D        | Found the +18 shield of the Gong {rElec rN+ MR+ EV-5}
    32 | D        | Found the cursed +14 obsidian axe {chop, +Fly SInv *Curse}
    34 | D        | Found the +6 shillelagh "Devastator" {shatter}
    34 | D        | Found the +11 plutonium sword {*Contam Stlth-}
    34 | D        | Found the +8 lance "Wyrmbane" {slay drac, rPois rF+ rC+
                  | AC+3}
    34 | D        | Found the +9 sword of Zonguldrok {reap}
    34 | D        | Found the cursed +13 scythe of Curses {drain, *Curse}
    34 | D        | Found the +0 sword of Power
    34 | D        | Found the +7 mace of Variability {chain chaos}
    34 | D        | Found the +7 Singing Sword {slice, sonic wave}
    34 | D        | Found the +8 storm bow {elec, penet}
    49 | D        | Reached XP level 2. HP: 15/15 MP: 7/9
    74 | D        | Entered arena 2.
    74 | D        | Found a transporter.
    96 | D        | Entered arena 3.
    96 | D        | Found a transporter.
   101 | D        | Reached * piety under Vehumet
   101 | D        | Offered knowledge of Shock by Vehumet.
   277 | D        | Got the Reference Book on Malediction and Attacks
   282 | D        | Entered arena 4.
   282 | D        | Noticed a hell hound
   282 | D        | Found a transporter.
   283 | D        | Offered knowledge of Throw Frost by Vehumet.
   283 | D        | Reached ** piety under Vehumet
   284 | D        | Killed a hell hound
   284 | D        | Reached skill level 5 in Conjurations
   284 | D        | Reached XP level 3. HP: 19/19 MP: 10/14
   284 | D        | Reached XP level 4. HP: 24/24 MP: 10/15
   366 | D        | Entered arena 5.
   366 | D        | Noticed a jumping spider
   366 | D        | Found a transporter.
   367 | D        | Reached *** piety under Vehumet
   367 | D        | Reached XP level 5. HP: 28/28 MP: 16/18
   367 | D        | Reached skill level 10 in Spellcasting
   368 | D        | Killed a jumping spider
   368 | D        | Reached skill level 10 in Conjurations
   368 | D        | Reached XP level 6. HP: 32/32 MP: 20/23
   418 | D        | Learned a level 5 spell: Fireball
   423 | D        | Entered arena 6.
   423 | D        | Noticed a water moccasin
   423 | D        | Found a transporter.
   424 | D        | Reached **** piety under Vehumet
   424 | D        | Killed a water moccasin
   424 | D        | Reached skill level 4 in Dodging
   424 | D        | Reached XP level 7. HP: 40/40 MP: 24/24
   521 | D        | Entered arena 7.
   521 | D        | Noticed a thrashing horror
   526 | D        | Found a transporter.
   527 | D        | Killed a thrashing horror
   527 | D        | Offered knowledge of Static Discharge by Vehumet.
   527 | D        | Reached ***** piety under Vehumet
   527 | D        | Reached skill level 9 in Dodging
   527 | D        | Reached XP level 8. HP: 12/51 MP: 23/26
   761 | D        | Entered arena 8.
   761 | D        | Noticed a deep elf mage
   761 | D        | Noticed a +5 antimagic long sword
   761 | D        | Noticed a deep elf mage
   761 | D        | Noticed a deep elf mage
   761 | D        | Noticed a deep elf knight
   763 | D        | Killed a deep elf mage
   763 | D        | Offered knowledge of Olgreb's Toxic Radiance by Vehumet.
   763 | D        | Reached skill level 11 in Dodging
   763 | D        | Killed a deep elf mage
   763 | D        | Reached skill level 12 in Dodging
   763 | D        | Reached XP level 9. HP: 55/60 MP: 22/27
   764 | D        | Killed a deep elf knight
   764 | D        | Reached skill level 13 in Dodging
   764 | D        | Killed a deep elf mage
   764 | D        | Reached ****** piety under Vehumet
   764 | D        | Reached skill level 10 in Fighting
   764 | D        | Reached skill level 14 in Dodging
   766 | D        | Killed a +5 antimagic long sword
   769 | D        | Found a transporter.
   844 | D        | Got the Volume of Displacement and Moulding
   853 | D        | Learned a level 7 spell: Orb of Destruction
   956 | D        | Entered arena 9.
   956 | D        | Noticed Sigmund
   956 | D        | Noticed Jessica
   956 | D        | Noticed Blork the orc
   956 | D        | Noticed Crazy Yiuf
   956 | D        | Noticed Dowan
   956 | D        | Noticed Duvessa
   956 | D        | Noticed Edmund
   957 | D        | Identified the +1 robe of Atythuulat {+Fly MR- rCorr}
   957 | D        | Killed Crazy Yiuf
   957 | D        | Offered knowledge of Ignite Poison by Vehumet.
   958 | D        | Killed Sigmund
   958 | D        | Reached skill level 15 in Dodging
   958 | D        | Reached XP level 10. HP: 63/68 MP: 25/28
   958 | D        | Killed Jessica
   958 | D        | Killed Blork the orc
   959 | D        | Killed Edmund
   959 | D        | Killed Duvessa
   959 | D        | Killed Dowan
   961 | D        | Found a transporter.
  1056 | D        | Got the +2 pair of boots "Pirrerura" {rN+ Dex+4}
  1082 | D        | Entered arena 10.
  1082 | D        | Noticed a cyclops
  1083 | D        | Found the +4 moon troll leather armour {Spirit, Regen++
                  | MP+5}
  1084 | D        | Offered knowledge of Force Lance by Vehumet.
  1085 | D        | Reached skill level 16 in Dodging
  1088 | D        | Killed a cyclops
  1094 | D        | Found a transporter.
  1101 | D        | Got the +0 cloak of the Land of Plenty {rPois rN+++ MR-
                  | Int+3}
  1106 | D        | Got the Collected Works on Stones
  1114 | D        | Got the +3 ring mail of Kethrosak {*Corrode rC++ rN+ MR+}
  1298 | D        | Entered arena 11.
  1298 | D        | Noticed a cyclops
  1298 | D        | Noticed a cyclops
  1298 | D        | Noticed a two-headed ogre
  1298 | D        | Noticed a two-headed ogre
  1298 | D        | Noticed a cyclops
  1301 | D        | Killed a cyclops
  1301 | D        | Offered knowledge of Bolt of Cold by Vehumet.
  1301 | D        | Reached skill level 17 in Dodging
  1301 | D        | Killed a cyclops
  1301 | D        | Killed a cyclops
  1305 | D        | Killed a two-headed ogre
  1305 | D        | Reached skill level 18 in Dodging
  1305 | D        | Reached XP level 11. HP: 57/78 MP: 23/29
  1309 | D        | Killed a two-headed ogre
  1424 | D        | Found a transporter.
  1524 | D        | Entered arena 12.
  1524 | D        | Noticed a storm dragon
  1524 | D        | Noticed a spriggan air mage
  1524 | D        | Noticed a storm dragon
  1524 | D        | Noticed a spriggan air mage
  1525 | D        | Identified the +3 short sword of Equivalence {flame, SInv}
  1525 | D        | Noticed a titan
  1528 | D        | Offered knowledge of Bolt of Draining by Vehumet.
  1529 | D        | Killed a spriggan air mage
  1530 | D        | Killed from afar by a storm dragon

Levels and vault maps discovered:
D:        sprint_v [room_start, room_1, room_2, room_3, room_4, room_5, room_6,
          room_7, room_8, room_9, room_10, room_11, room_12, room_13, room_14,
          room_15, room_16, room_17, room_18, room_19, room_20, room_21,
          room_22, room_23, room_24, room_25, room_26, room_27]

Skill      XL: |  1  2  3  4  5  6  7  8  9 10 |
---------------+-------------------------------+-----
Evocations     | 8 |  8.0
Conjurations   | 5 7 10 | 10.7
Spellcasting   | 7 8 12 | 12.7
Fighting       | 2 6 8 10 13 | 13.8
Dodging        | 4 9 12 15 18 | 18.4
Stealth        | |  2.4
Fire Magic     | |  3.2

Action                   |  1- 3 |  4- 6 |  7- 9 | 10-12 || total
-------------------------+-------+-------+-------+-------++-------
Melee: Great mace        |    10 |     1 |     9 |       ||    20
       Quarterstaff      |       |       |     4 |       ||     4
 Cast: Fireball          |       |       |    10 |    23 ||    33
Evoke: Wand              |     1 |     3 |     7 |       ||    11
  Use: Potion            |     1 |       |     3 |     2 ||     6
       Scroll            |       |       |     1 |       ||     1
Armor: Plate armour      |    56 |       |       |       ||    56
       Robe              |       |       |     1 |       ||     1
Dodge: Dodged            |     1 |       |    21 |    10 ||    32

Table legend:
 A = Non-vault XP
 B = Vault XP
 C = Vault XP percentage of total XP
 D = Non-vault monster count
 E = Vault monster count
 F = Vault count percentage of total count
                 A         B        C        D         E       F
            +---------+---------+-------+---------+---------+-------
      Total |       0 |   13927 | 100.0 |       0 |      58 | 100.0
            +---------+---------+-------+---------+---------+-------
          D |       0 |   13927 | 100.0 |       0 |      58 | 100.0
            +---------+---------+-------+---------+---------+-------
